 Dungeon Crawl Stone Soup version 0.28.0-53-g5a82cb258f (webtiles) character file.

Game seed: 16434232651887056054

2164 MiltankisOP the Transmogrifier (level 9, -7/71 HPs)
             Began as a Pale Draconian Transmuter on June 14, 2022.
             Was the Champion of Jiyva.
             Killed from afar by Maggie (25 damage)
             ... with a bolt of fire
             ... on level 7 of the Dungeon.
             The game lasted 00:12:04 (5051 turns).

MiltankisOP the Transmogrifier (DrTm)               Turns: 5051, Time: 00:12:05

Health: -7/71      AC: 10    Str: 16    XL:     9   Next: 10%
Magic:  12/12      EV: 15    Int: 24    God:    Jiyva [******]
Gold:   197        SH:  0    Dex: 11    Spells: 9/12 levels left

rFire   . . .      SeeInvis .   q - +9 dagger of Ihej {flame, *Noise Int+5}
rCold   . . .      Faith    .   (no shield)
rNeg    . . .      Spirit   .   (armour unavailable)
rPois   .          Reflect  .   (helmet currently unavailable)
rElec   .          Harm     .   (no cloak)
rCorr   +          Rampage  .   (no gloves)
Will    +....                   (boots currently unavailable)
Stlth   +.........              (no amulet)
HPRegen 2.61/turn               (no ring)
MPRegen 0.63/turn               (no ring)

@: appendages, wereblooded, mesmerised
A: horns 2, talons 2, breathe steam, AC +7, unfitting armour, cold-blooded,
steam resistance, strong-willed 1, regeneration 1, strong 2, wild magic 3,
gelatinous body 3, MP-powered wands
a: Breathe Steam, End Transformation, Renounce Religion, Oozemancy, Slimify


You were on level 7 of the Dungeon.
You worshipped Jiyva.
Jiyva was exalted by your worship.
You had temporarily grown beastly horns and talons.
You visited 1 branch of the dungeon, and saw 8 of its levels.
You also visited: Ossuary.

You collected 197 gold pieces.

Inventory:

Hand Weapons
 q - the +9 dagger of Ihej (weapon) {flame, *Noise Int+5}
   (You found it on level 7 of the Dungeon)

   It burns those it strikes, dealing additional fire damage.
   Int:       It affects your intelligence (+5).
   *Noise:    It may make noises in combat.
Jewellery
 d - an amulet of magic regeneration
 l - the amulet of Spring {Acrobat +Blink rC- Slay+4}
   (You found it on level 4 of the Dungeon)

   [amulet of the acrobat]

   It increases your evasion while moving and waiting.
   Slay:      It affects your accuracy & damage with ranged weapons and melee
   (+4).
   rC:        It makes you vulnerable to cold.
   +Blink:    It lets you blink.
Scrolls
 c - a scroll of fog {unknown}
 e - a scroll of fear {unknown}
 f - 2 scrolls of identify {unknown}
 g - a scroll of amnesia {unknown}
 i - a scroll of blinking {unknown}
 j - a scroll of immolation {unknown}
 k - a scroll of torment {unknown}
Potions
 a - a potion of mutation {unknown}
 b - a potion of haste {unknown}
 h - a potion of magic {unknown}
 m - a potion of curing {unknown}
 n - 3 potions of brilliance {unknown}
 o - 3 potions of flight {unknown}
 p - a potion of might {unknown}


   Skills:
 + Level 4.1 Fighting
 - Level 1.7 Dodging
 + Level 4.7 Unarmed Combat
 - Level 2.0 Spellcasting
 - Level 11.0 Transmutations


You had 9 spell levels left.
You knew the following spells:

 Your Spells              Type           Power      Damage    Failure   Level
a - Beastly Appendage     Tmut           100%       N/A       2%          1
b - Wereblood             Tmut           81%        N/A       3%          2

Your spell library contained the following spells:

 Spells                   Type           Power      Damage    Failure   Level
 Spider Form              Tmut/Pois      53%        N/A       14%         3
 Animate Skeleton         Necr           8%         N/A       32%         1
 Apportation              Tloc           8%         N/A       32%         1
 Summon Small Mammal      Summ           16%        N/A       32%         1
 Ice Form                 Ice/Tmut       53%        N/A       32%         4


Dungeon Overview and Level Annotations

Branches:
Dungeon (8/15)             Temple (0/1) D:5         Ossuary (visited)
   Lair: D:8-11

Altars:
Elyvilon
Jiyva

Shops:
D:6 *

Annotations:
D:7 Maggie
D:8 Erica


Innate Abilities, Weirdness & Mutations

You have temporarily grown beastly horns and talons.
You can breathe blasts of scalding, opaque steam.
Your pale cyan-grey scales are hard. (AC +7)
You cannot fit into any form of body armour.
You are cold-blooded and may be slowed by cold attacks.
You are immune to the effects of steam.
You are strong-willed. (Will+)
Your natural rate of healing is unusually fast.
Your muscles are very strong. (Str +4)
Your spells are much harder to cast, but much more powerful.
Your gelatinous body deflects attacks. (AC +3, EV +3)
You expend magic power (3 MP) to strengthen your wands.


Message History

The yak is moderately wounded.
The yak closely misses you. x2
Maggie casts a spell.
Maggie draws you further into her thrall.
You hit the yak. You burn the yak. Your kick misses the yak.
You headbutt the yak, but do no damage.
The yak is heavily wounded.
The yak gores you. x2
You barely miss the yak. You headbutt the yak.
The yak is severely wounded.
The yak gores you but does no damage. The yak completely misses you.
You hit Maggie but do no damage. You claw Maggie, but do no damage.
Maggie is severely wounded.
The yak misses you.
Maggie zaps a wand.
The puff of flame misses you.
You barely miss Maggie. You claw Maggie. You headbutt Maggie.
Maggie is severely wounded.
The yak gores you.
Maggie zaps a wand.
The puff of flame hits you but does no damage.
You hit Maggie. You burn Maggie. You headbutt Maggie, but do no damage.
Maggie is almost dead.
The yak gores you. x2; Maggie zaps a wand.
The puff of flame hits you.
You hit Maggie but do no damage. Your kick misses Maggie.
Maggie is almost dead.
The yak gores you!
* * * LOW HITPOINT WARNING * * *
The yak gores you but does no damage. Maggie misses you.
You closely miss Maggie.
Maggie is almost dead.
The yak closely misses you. The yak gores you.
* * * LOW HITPOINT WARNING * * *
Maggie barely misses you.
You hit Maggie. You burn Maggie. Your kick misses Maggie.
Your headbutt misses Maggie.
Maggie is almost dead.
The yak gores you.
* * * LOW HITPOINT WARNING * * *
The yak closely misses you. Maggie casts a spell at you.
The bolt of fire hits you!!
You die...

...>..#.......#
......#.......#
......#.......#
......#.......######
......#.......##...#
...)..#.......##...#
...))[#............#
.....['............#
......#.......##@####
......#########@YY..#
................Y...#
....................#
....................#
....................#
....................#
....................#
.........J.....######


You could see Maggie (mesmerising) and 3 yaks.

Vanquished Creatures
  An orc warrior (D:7)
  An ice beast (D:7)
  A centaur (D:7)
  4 elf zombies (Ossuary)
  A water moccasin zombie (D:5)
  A wyvern skeleton (D:5)
  2 scorpions
  7 wights
  An electric eel (D:6)
  8 centaur zombies
  A hound (D:5)
  2 gnoll shamans
  2 human zombies (Ossuary)
  A bullfrog skeleton (D:4)
  2 iguanas
  3 orc wizards
  3 mummies (Ossuary)
  8 gnolls
  7 adders
  2 shadow imps
  A white imp (D:7)
  An adder skeleton (D:4)
  A worm (D:2)
  2 dart slugs (D:2)
  19 orcs
  8 ball pythons
  2 giant cockroaches
  9 goblins
  5 hobgoblins
  2 jackals (D:5)
  4 quokkas
  2 bats
  4 frilled lizards
  5 kobolds
  3 rats
126 creatures vanquished.

Vanquished Creatures (collateral kills)
  A sky beast (D:6)
  An orc warrior (D:6)
  A gnoll shaman (D:6)
  An orc wizard (D:6)
4 creatures vanquished.

Vanquished Creatures (others)
  Menkaure (D:6)
  A black bear (D:6)
  2 wights (D:7)
  A centaur zombie (D:5)
  10 jellies
  A hound (D:4)
  A centaur skeleton (D:4)
  An orc wizard (D:6)
  A killer bee zombie (D:6)
  2 adders
  A worm (D:2)
  A dart slug (D:2)
  An orc (D:7)
  2 ball pythons
  3 bats (D:2)
  2 giant cockroaches
  4 goblins
  4 hobgoblins
  3 frilled lizards (D:1)
  A kobold (D:2)
  2 rats
  14 plants
59 creatures vanquished.

Grand Total: 189 creatures vanquished

Notes
Turn   | Place    | Note
-------+----------+-------------------------------------------
     0 | D:1      | MiltankisOP the Draconian Transmuter began the quest for
                  | the Orb.
     0 | D:1      | Reached XP level 1. HP: 16/16 MP: 3/3
    26 | D:1      | Found a faded altar of an unknown god.
    43 | D:1      | Prayed at the altar of an unknown god.
    43 | D:1      | Became a worshipper of Jiyva Jaleanir the Shapeless
    43 | D:1      | Reached * piety under Jiyva
   236 | D:1      | Reached ** piety under Jiyva
   271 | D:1      | Reached XP level 2. HP: 23/23 MP: 5/5
   645 | D:2      | Reached skill level 3 in Transmutations
   801 | D:2      | Reached XP level 3. HP: 27/28 MP: 6/6
   816 | D:2      | Reached *** piety under Jiyva
  1075 | D:2      | Gained mutation: Your muscles are strong. (Str +2) [Jiyva's
                  | grace]
  1075 | D:2      | Gained mutation: Your muscles are very strong. (Str +4)
                  | [Jiyva's grace]
  1075 | D:2      | Gained mutation: You expend magic power (3 MP) to
                  | strengthen your wands. [Jiyva's grace]
  1075 | D:2      | Gained mutation: You are covered in slimy tendrils that may
                  | disarm your opponents. [Jiyva's grace]
  1356 | D:3      | Reached skill level 4 in Transmutations
  1475 | D:3      | Reached XP level 4. HP: 15/35 MP: 7/7
  1665 | D:3      | Reached **** piety under Jiyva
  1916 | D:4      | Noticed a scorpion
  1928 | D:4      | Killed a scorpion
  1929 | D:4      | Reached skill level 5 in Transmutations
  1929 | D:4      | Reached XP level 5. HP: 5/40 MP: 8/8
  1983 | D:4      | Learned a level 2 spell: Wereblood
  2071 | D:4      | Reached skill level 6 in Transmutations
  2165 | D:4      | Identified the amulet of Spring {Acrobat +Blink rC- Slay+4}
  2582 | D:5      | Entered Level 5 of the Dungeon
  2646 | D:5      | Reached XP level 6. HP: 47/47 MP: 9/9
  2728 | D:5      | Reached ***** piety under Jiyva
  2738 | D:5      | Gained mutation: Your spells are a little harder to cast,
                  | but a little more powerful. [Jiyva's grace]
  2738 | D:5      | Gained mutation: Your spells are harder to cast, but more
                  | powerful. [Jiyva's grace]
  2738 | D:5      | Gained mutation: Your spells are much harder to cast, but
                  | much more powerful. [Jiyva's grace]
  2738 | D:5      | Gained mutation: You are strong-willed. (Will+) [Jiyva's
                  | grace]
  2803 | D:5      | Reached skill level 7 in Transmutations
  2840 | D:5      | Found a sand-covered staircase.
  2849 | Ossuary  | Entered an ossuary
  2901 | Ossuary  | Your scales start taking on a pale cyan-grey colour.
  2901 | Ossuary  | Reached XP level 7. HP: 52/52 MP: 10/10
  2901 | Ossuary  | Gained mutation: You are immune to the effects of steam.
                  | [Pale Draconian growth]
  2924 | Ossuary  | Reached skill level 8 in Transmutations
  3069 | Ossuary  | Reached skill level 9 in Transmutations
  3166 | D:5      | Reached XP level 8. HP: 59/59 MP: 11/11
  3211 | D:5      | Found a staircase to the Ecumenical Temple.
  3822 | D:6      | Reached skill level 10 in Transmutations
  3864 | D:6      | Reached skill level 11 in Transmutations
  4001 | D:6      | Killed Menkaure
  4074 | D:6      | Found Reafyih's Lightly-Used Armoury.
  4155 | D:6      | Found a white marble altar of Elyvilon.
  4395 | D:7      | Identified the +9 dagger of Ihej {flame, *Noise Int+5}
  4659 | D:7      | Lost mutation: You have a pair of horns on your head.
                  | [Jiyva's grace]
  4659 | D:7      | Lost mutation: You have razor-sharp toenails. [Jiyva's
                  | grace]
  4659 | D:7      | Lost mutation: You are covered in slimy tendrils that may
                  | disarm your opponents. [Jiyva's grace]
  4659 | D:7      | Gained mutation: Your rubbery body absorbs attacks. (AC +1,
                  | EV +1) [Jiyva's grace]
  4659 | D:7      | Gained mutation: Your pliable body absorbs attacks. (AC +2,
                  | EV +2) [Jiyva's grace]
  4659 | D:7      | Gained mutation: Your gelatinous body deflects attacks. (AC
                  | +3, EV +3) [Jiyva's grace]
  4659 | D:7      | Gained mutation: Your natural rate of healing is unusually
                  | fast. [Jiyva's grace]
  4659 | D:7      | Reached ****** piety under Jiyva
  4668 | D:7      | Reached XP level 9. HP: 69/69 MP: 12/12
  5018 | D:8      | Noticed Maggie
  5034 | D:8      | Noticed Erica
  5051 | D:7      | Killed from afar by Maggie

Illustrated notes

Levels and vault maps discovered:
D:1:      saegor_arrival_simple_e, layout_basic,
          hellmonk_ecumenical_altar_pennies_from_heaven, st_stairs_12,
          minmay_heptomino_o4
D:2:      minmay_chambers_of_ones, layout_loops_ring, minmay_stone_trees_medium
D:3:      layout_rooms, serial_bayou_pond_a, minmay_misc_feat_pillars
D:4:      layout_loops_ring, minmay_goblin_kobold_house
D:5:      layout_basic, lemuel_temple_firewalk_b, enter_ossuary_1
D:6:      layout_basic, nicolae_elyvilon_temple_path, st_stairs_13,
          hangedman_abyss_or_decor_passed, kennysheep_decorative_pillar,
          minmay_shop_damaged, uniq_menkaure
D:7:      layout_gridville, corexii_leaking_fountain
D:8:      layout_cave_pools, serial_column_ruins, column_ruins_circle_small,
          column_ruins_grid_1, column_ruins_open_tiny_water,
          column_ruins_grid_3, column_ruins_columns_straight,
          column_ruins_grid_1, minmay_circle_x, uniq_maggie, uniq_maurice,
          uniq_erica

Skill      XL: |  1  2  3  4  5  6  7  8  9 |
---------------+----------------------------+-----
Transmutations | 3 4 5 6 7 9 11 | 11.0
Fighting       | 3 4 |  4.1
Unarmed Combat | 4 |  4.7
Dodging        | |  1.7
Spellcasting   | |  2.0

Action                   |  1- 3 |  4- 6 |  7- 9 || total
-------------------------+-------+-------+-------++-------
Melee: Unarmed           |   117 |   175 |   259 ||   551
       Kick              |    25 |    43 |    92 ||   160
       Headbutt          |    14 |    28 |    51 ||    93
       Tailslap          |     8 |    17 |    49 ||    74
       Punch             |     3 |     4 |    14 ||    21
       Dagger            |       |       |    78 ||    78
 Cast: Beastly Appendage |    26 |    23 |    22 ||    71
       Wereblood         |       |     3 |     7 ||    10
 Abil: Breathe Steam     |       |       |     1 ||     1
Armor: Skin              |    38 |    34 |   119 ||   191
Dodge: Dodged            |    54 |    84 |   197 ||   335
